 Dungeon Crawl Stone Soup version 0.21.1-1-g345015f (webtiles) character file.

7 tidbits the Grave Robber (level 2, 8/19 HPs)
             Began as a Gnoll Necromancer on June 13, 2018.
             Quit the game on level 1 of the Dungeon.
             The game lasted 00:00:44 (39 turns).

tidbits the Grave Robber (Gnoll Necromancer)          Turns: 39, Time: 00:00:45

Health: 8/19       AC:  2    Str: 10    XL:     2   Next: 4%
Magic:  0/7        EV: 14    Int: 17    God:
Gold:   0          SH:  0    Dex: 15    Spells: 9/10 levels left

rFire    . . .     SeeInvis .   (no weapon)
rCold    . . .     Gourm    .   (no shield)
rNeg     . . .     Faith    .   a - +0 robe
rPois    .         Spirit   .   (no helmet)
rElec    .         Reflect  .   (no cloak)
rCorr    .         Harm     .   (no gloves)
MR       .....                  (no boots)
Stlth    +++.......             (no amulet)
HPRegen  0.06/turn              (no ring)
MPRegen  0.10/turn              (no ring)

@: no status effects
A: distributed training, fangs 1, strong nose
a: no special abilities


You were on level 1 of the Dungeon.
You were not hungry.

You visited 1 branch of the dungeon, and saw 1 of its levels.

Inventory:

Armour
 a - a +0 robe (worn)
Potions
 d - a potion of lignification {unknown}
Books
 b - a book of Necromancy

   Spells                             Type                      Level
   a - Pain                           Necromancy                   1
   b - Animate Skeleton               Necromancy                   1
   c - Vampiric Draining              Necromancy                   3
   d - Regeneration                   Charms/Necromancy            3
   e - Animate Dead                   Necromancy                   4
   f - Borgnjor's Vile Clutch         Necromancy/Earth             5
Comestibles
 c - 2 rations


   Skills:
 + Level 0.2 Fighting
 + Level 0.2 Short Blades
 + Level 0.2 Long Blades
 + Level 0.2 Axes
 + Level 0.2 Maces & Flails
 + Level 0.2 Polearms
 + Level 0.2 Staves
 + Level 0.2 Slings
 + Level 0.2 Bows
 + Level 0.2 Crossbows
 + Level 0.2 Throwing
 + Level 0.2 Armour
 + Level 4.4 Dodging
 + Level 4.0 Stealth
 + Level 0.2 Shields
 + Level 0.2 Unarmed Combat
 + Level 4.9 Spellcasting
 + Level 0.1 Conjurations
 + Level 0.1 Hexes
 + Level 0.1 Charms
 + Level 0.1 Summonings
 + Level 7.0 Necromancy
 + Level 0.1 Translocations
 + Level 0.1 Transmutations
 + Level 0.1 Fire Magic
 + Level 0.1 Ice Magic
 + Level 0.1 Air Magic
 + Level 0.1 Earth Magic
 + Level 0.1 Poison Magic
 + Level 0.3 Invocations
 + Level 0.2 Evocations


You had 9 spell levels left.
You knew the following spells:

 Your Spells              Type           Power        Failure   Level  Hunger
a - Pain                  Necr           ####         1%          1    None


Dungeon Overview and Level Annotations

Branches:
Dungeon (1/15)

Altars:


Innate Abilities, Weirdness & Mutations

Your experience applies equally to all skills.
You have very sharp teeth.
Your uncanny sense of smell can sniff out nearby items.


Message History

Welcome, tidbits the Gnoll Necromancer.
The bosom of this dungeon contains the fabled artefact, the Orb of Zot.
Press ? for a list of commands and other information.
Found a whip.
Found a staircase leading out of the dungeon.
A jackal comes into view.
Found a glowing amethyst potion.
Found a ration.
A dart slug comes into view.
Casting: Pain
Confirm with . or Enter, or press ? or * to list all spells.
Aiming: Pain
Press: ? - help, Shift-Dir - straight line, f - dart slug
Aim: a dart slug (clinging, resting, chance to defeat MR: 93%)
The dart slug writhes in agony!
Casting: Pain
Confirm with . or Enter, or press ? or * to list all spells.
Aiming: Pain
Press: ? - help, Shift-Dir - straight line, f/p - dart slug
Aim: a dart slug (lightly wounded, chance to defeat MR: 93%)
The dart slug writhes in agony!
Casting: Pain
Confirm with . or Enter, or press ? or * to list all spells.
Aiming: Pain
Press: ? - help, Shift-Dir - straight line, f/p - dart slug
Aim: a dart slug (heavily wounded, clinging, chance to defeat MR: 93%)
The dart slug writhes in agony!
You kill the dart slug!
Found a stone staircase leading down.
A hobgoblin comes into view. It is wielding a club.
You see here a glowing amethyst potion.
d - a glowing amethyst potion
Found 22 stones.
Casting: Pain
Confirm with . or Enter, or press ? or * to list all spells.
Aiming: Pain
Press: ? - help, Shift-Dir - straight line, f - hobgoblin
Aim: a hobgoblin, wielding a club (resting, chance to defeat MR: 93%)
The hobgoblin writhes in agony!
You kill the hobgoblin!
You see here a ration.
c - 2 rations (gained 1)
A goblin and 2 kobolds come into view.
The goblin shouts!
Found 14 stones and 12 poisoned needles.
Found a scroll labeled VUPEPH SEHERANGA.
Casting: Pain
Confirm with . or Enter, or press ? or * to list all spells.
Aiming: Pain
Press: ? - help, Shift-Dir - straight line, f - goblin
Aim: a goblin, wielding a dagger (chance to defeat MR: 93%)
The goblin writhes in agony!
A leopard gecko comes into view.
Casting: Pain
Confirm with . or Enter, or press ? or * to list all spells.
Aiming: Pain
Press: ? - help, Shift-Dir - straight line, f/p - goblin
Aim: a goblin, wielding a dagger (chance to defeat MR: 93%)
The goblin writhes in agony!
You kill the goblin!
Casting: Pain
Confirm with . or Enter, or press ? or * to list all spells.
Aiming: Pain
Press: ? - help, Shift-Dir - straight line, f - kobold
Aim: a kobold, wielding a whip (chance to defeat MR: 93%)
The kobold writhes in agony!
You kill the kobold!
You have reached level 2!
A hobgoblin comes into view.
Found a ring mail.
Found 15 gold pieces.
A kobold comes into view. It is wielding a dagger.
Casting: Pain
Confirm with . or Enter, or press ? or * to list all spells.
Aiming: Pain
Press: ? - help, Shift-Dir - straight line, f - kobold
Aim: a kobold, wielding a dagger (hasn't noticed you, chance to defeat MR: 93%)
The kobold shouts!
The kobold writhes in agony!
The kobold throws a stone.
The stone hits you.
* * * LOW HITPOINT WARNING * * *
Found an inky potion.
You see here a stone.
The kobold throws a stone.
The stone misses you.
The hobgoblin shouts!
You hear an angry hiss.
The kobold shouts!
Casting: Pain
Confirm with . or Enter, or press ? or * to list all spells.
Aiming: Pain
Press: ? - help, Shift-Dir - straight line, f - kobold
Aim: a kobold (chance to defeat MR: 93%)
The kobold writhes in agony!
You kill the kobold!
Unknown command.
A goblin comes into view. It is wielding a club.
Are you sure you want to abandon this character and quit the game? (Confirm with "yes".)

..#...# ...# #
#.#...###...#..#
#.##...#...##..# .#
#..##.....##...##
...#..g†...........#
.....#.......#.....#
.....#(.##.........#
........##.....#....
.......(####@.......
....>...[.#.))......
...........(l....(g.
#.###........)......
# ..##(##.........
... #..#.........
$... ##.#........#
.!... ........#..
..?#####


You could see a leopard gecko and a goblin (wandering).

Vanquished Creatures
  A dart slug (D:1)
  A goblin (D:1)
  A hobgoblin (D:1)
  2 kobolds (D:1)
5 creatures vanquished.

Notes
Turn   | Place    | Note
-------+----------+-------------------------------------------
     0 | D:1      | tidbits the Gnoll Necromancer began the quest for the Orb.
     0 | D:1      | Reached XP level 1. HP: 13/13 MP: 6/6
    24 | D:1      | Reached XP level 2. HP: 11/19 MP: 0/7
    39 | D:1      | Quit the game

Action                   || total
-------------------------++-------
 Cast: Pain              ||     9
Dodge: Dodged            ||     1

Table legend:
 A = Turns spent in this place as a percentage of turns spent in the entire game.
 B = Non-inter-level travel turns spent in this place as a percentage of non-inter-level travel turns spent in the entire game.
 C = Inter-level travel turns spent in this place as a percentage of turns spent in this place.
 D = Turns resting spent in this place as a percentage of non-inter-level travel turns spent in this place.
 E = Turns spent auto-exploring this place as a percentage of non-inter-level travel turns spent in this place.
 F = Non-inter-level travel turns spent in this place divided by the number of levels of this place that you've seen.
                   A       B       C       D       E      F
               +-------+-------+-------+-------+-------+----------------------
         Total | 100.0 | 100.0 |   0.0 |   0.0 |   0.0 |  39.0
       Dungeon | 100.0 | 100.0 |   0.0 |   0.0 |   0.0 |  39.0
               +-------+-------+-------+-------+-------+----------------------

Table legend:
 A = Kills in this place as a percentage of kills in entire the game.
 B = Kills by you in this place as a percentage of kills by you in the entire game.
 C = Kills by friends in this place as a percentage of kills by friends in the entire game.
 D = Other kills in this place as a percentage of other kills in the entire game.
 E = Experience gained in this place as a percentage of experience gained in the entire game.
 F = Experience gained in this place divided by the number of levels of this place that you have seen.
                   A       B       C       D       E      F
               +-------+-------+-------+-------+-------+----------------------
         Total | 100.0 | 100.0 |   N/A |   N/A | 100.0 |  11.0
       Dungeon | 100.0 | 100.0 |   N/A |   N/A | 100.0 |  11.0
               +-------+-------+-------+-------+-------+----------------------

Vault maps used:
D:1:      dpeg_arrival_arbitrary_c
